ITL
OTSEGO BULLDOGS @ TUSCALOOSA TROUT SLAYERS
09/16/2025
 
TOP OF THE 1ST
Otsego Bulldogs batting - Pitching for Tuscaloosa Trout Slayers : RHP Matt McGinnity
Pitching: RHP Matt McGinnity
Batting: LHB Gino Canio 0-0: Called Strike
0-1: Fly out, F9 (Flyball, 89XD)
Batting: RHB Ryosei Yamamoto 0-0: Ball
1-0: Ball
2-0: Foul Ball, location: 2F
2-1: Swinging Strike
2-2: Ball
3-2: Base on Balls
Batting: SHB Gilberto Guzmán 0-0: Ball
1-0: Ball
2-0: Fly out, F8 (Flyball, 89XD)
Batting: RHB Cristo García 0-0: Ground out 5-3 (Groundball, 5L)
Top of the 1st over - 0 run(s), 0 hit(s), 0 error(s), 1 left on base; Otsego 0 - Tuscaloosa 0
BOTTOM OF THE 1ST
Tuscaloosa Trout Slayers batting - Pitching for Otsego Bulldogs : RHP Willie St. John
Pitching: RHP Willie St. John
Batting: RHB Pat Fullerton 0-0: Swinging Strike
0-1: Foul Ball, location: 2F
0-2: Ball
1-2: Strikes out swinging
Batting: LHB Sergio Barrón 0-0: Called Strike
0-1: Swinging Strike
0-2: Foul Ball, location: 2F
0-2: Ball
1-2: Ground out U3 (Groundball, 3S)
Batting: RHB Owen Carter 0-0: Foul Ball, location: 2F
0-1: Ball
1-1: Ball
2-1: Foul Ball, location: 2F
2-2: Foul Ball, location: 2F
2-2: Foul Ball, location: 2F
2-2: Strikes out looking
Bottom of the 1st over - 0 run(s), 0 hit(s), 0 error(s), 0 left on base; Otsego 0 - Tuscaloosa 0
TOP OF THE 2ND
Otsego Bulldogs batting - Pitching for Tuscaloosa Trout Slayers : RHP Matt McGinnity
Batting: RHB Raúl Bauza 0-0: Ball
1-0: Ball
2-0: Foul Ball, location: 2F
2-1: SOLO HOME RUN (Flyball, 7D), Distance : 354 ft
Batting: RHB Juan Pérez 0-0: Called Strike
0-1: Ball
1-1: Ball
2-1: Called Strike
2-2: Ground out U3 (Groundball, 3S)
Batting: RHB José Martínez 0-0: Ball
1-0: Ball
2-0: Called Strike
2-1: Ball
3-1: Base on Balls
Batting: RHB Felipe Rego 0-0: Ball
1-0: SINGLE (Line Drive, 56D)
José Martínez to second
Batting: RHB Kyung-bok Cho 0-0: Ball
1-0: Swinging Strike
1-1: Ball
2-1: Foul Ball, location: 2F
2-2: Fielders Choice at 2nd, 3-6 (Groundball, 3)
José Martínez to third
Batting: LHB Gino Canio 0-0: Ball
1-0: Ball
2-0: Ball
3-0: Called Strike
3-1: Swinging Strike
3-2: Ground out 5-3 (Groundball, 5)
Top of the 2nd over - 1 run(s), 2 hit(s), 0 error(s), 2 left on base; Otsego 1 - Tuscaloosa 0
BOTTOM OF THE 2ND
Tuscaloosa Trout Slayers batting - Pitching for Otsego Bulldogs : RHP Willie St. John
Batting: LHB Wilford Lush 0-0: Called Strike
0-1: Fly out, F9 (Flyball, 89M)
Batting: RHB Lowie van den Bogaert 0-0: Foul Ball, location: 2F
0-1: Fly out, F3 (Popup, 3SF)
Batting: RHB Pedro Rodríguez 0-0: Fly out, F8 (Flyball, 8RD)
Bottom of the 2nd over - 0 run(s), 0 hit(s), 0 error(s), 0 left on base; Otsego 1 - Tuscaloosa 0
TOP OF THE 3RD
Otsego Bulldogs batting - Pitching for Tuscaloosa Trout Slayers : RHP Matt McGinnity
Batting: RHB Ryosei Yamamoto 0-0: Ground out 4-3 (Groundball, 4)
Batting: SHB Gilberto Guzmán 0-0: Called Strike
0-1: Swinging Strike
0-2: Fly out, F8 (Flyball, 8RM)
Batting: RHB Cristo García 0-0: Foul Ball, location: 2F
0-1: Ball
1-1: Foul Ball, location: 2F
1-2: Foul Ball, location: 2F
1-2: Ground out 4-3 (Groundball, 4M)
Top of the 3rd over - 0 run(s), 0 hit(s), 0 error(s), 0 left on base; Otsego 1 - Tuscaloosa 0
BOTTOM OF THE 3RD
Tuscaloosa Trout Slayers batting - Pitching for Otsego Bulldogs : RHP Willie St. John
Batting: RHB José Fernández 0-0: SINGLE (Popup, 7S)
Batting: RHB Lawrence Yates 0-0: Called Strike
0-1: Foul Ball, location: 2F
0-2: Ball
1-2: Foul Ball, location: 2F
1-2: Ball
2-2: Ball
3-2: Base on Balls
José Fernández to second
Batting: LHB Damon Mitchell 0-0: Ball
1-0: Swinging Strike
1-1: SINGLE (Line Drive, 89S)
José Fernández to third
Lawrence Yates to second
Batting: RHB Pat Fullerton 0-0: Grounds into double play, 6-4-3 (Groundball, 6)
José Fernández scores
Lawrence Yates to third
Batting: LHB Sergio Barrón 0-0: Ball
1-0: Foul Ball, location: 2F
1-1: Called Strike
1-2: Ground out 4-3 (Groundball, 4)
Bottom of the 3rd over - 1 run(s), 2 hit(s), 0 error(s), 1 left on base; Otsego 1 - Tuscaloosa 1
TOP OF THE 4TH
Otsego Bulldogs batting - Pitching for Tuscaloosa Trout Slayers : RHP Matt McGinnity
Batting: RHB Raúl Bauza 0-0: Swinging Strike
0-1: Foul Ball, location: 2F
0-2: Ball
1-2: Ground out 5-3 (Groundball, 56)
Batting: RHB Juan Pérez 0-0: Foul Ball, location: 2F
0-1: Swinging Strike
0-2: Ball
1-2: Ball
2-2: Ball
3-2: Strikes out swinging
Batting: RHB José Martínez 0-0: Fly out, F9 (Flyball, 89D)
Top of the 4th over - 0 run(s), 0 hit(s), 0 error(s), 0 left on base; Otsego 1 - Tuscaloosa 1
BOTTOM OF THE 4TH
Tuscaloosa Trout Slayers batting - Pitching for Otsego Bulldogs : RHP Willie St. John
Batting: RHB Owen Carter 0-0: Foul Ball, location: 2F
0-1: SINGLE (Line Drive, 78S)
Batting: LHB Wilford Lush 0-0: Foul Ball, location: 2F
0-1: Ball
1-1: Ground out 5-3 (Groundball, 56S)
Owen Carter to second
Batting: RHB Lowie van den Bogaert 0-0: Ground out 6-3 (Groundball, 6)
Batting: RHB Pedro Rodríguez 0-0: Ball
1-0: Ball
2-0: Ball
3-0: Called Strike
3-1: Foul Ball, location: 2F
3-2: Foul Ball, location: 2F
3-2: Foul Ball, location: 2F
3-2: 2-RUN HOME RUN (Line Drive, 7LD), Distance : 345 ft
Batting: RHB José Fernández 0-0: Ball
1-0: Called Strike
1-1: Ball
2-1: Ball
3-1: Base on Balls
Batting: RHB Lawrence Yates 0-0: Fly out, F8 (Flyball, 8LXD)
Bottom of the 4th over - 2 run(s), 2 hit(s), 0 error(s), 1 left on base; Otsego 1 - Tuscaloosa 3
TOP OF THE 5TH
Otsego Bulldogs batting - Pitching for Tuscaloosa Trout Slayers : RHP Matt McGinnity
Batting: RHB Felipe Rego 0-0: Swinging Strike
0-1: Ball
1-1: Ball
2-1: Fly out, F4 (Popup, 34D)
Batting: RHB Kyung-bok Cho 0-0: Ball
1-0: Ball
2-0: Ball
3-0: Called Strike
3-1: Base on Balls
Batting: LHB Gino Canio 0-0: Ball
1-0: Called Strike
1-1: TRIPLE (Line Drive, 8RM)
Kyung-bok Cho scores
Batting: RHB Ryosei Yamamoto 0-0: Fly out, F3 (Popup, 3F)
Batting: SHB Gilberto Guzmán 0-0: Ball
1-0: Swinging Strike
1-1: Ball
2-1: Ground out 1-3 (Groundball, 13S)
Top of the 5th over - 1 run(s), 1 hit(s), 0 error(s), 1 left on base; Otsego 2 - Tuscaloosa 3
BOTTOM OF THE 5TH
Tuscaloosa Trout Slayers batting - Pitching for Otsego Bulldogs : RHP Willie St. John
Batting: LHB Damon Mitchell 0-0: Foul Ball, location: 2F
0-1: Foul Ball, location: 2F
0-2: Ball
1-2: Foul Ball, location: 2F
1-2: Ball
2-2: Foul Ball, location: 2F
2-2: Ball
3-2: Base on Balls
Batting: RHB Pat Fullerton 0-0: Called Strike
0-1: Swinging Strike
0-2: Ball
1-2: Foul Ball, location: 2F
1-2: Foul Ball, location: 2F
1-2: Strikes out swinging
Batting: LHB Sergio Barrón 0-0: Called Strike
0-1: Ball
1-1: Called Strike
1-2: Ball
Wild Pitch!
Damon Mitchell to second
2-2: Ground out 5-3 (Groundball, 5S)
Damon Mitchell to third
Batting: RHB Owen Carter 0-0: Foul Ball, location: 2F
0-1: Ball
1-1: Swinging Strike
1-2: Ball
2-2: Ball
3-2: Foul Ball, location: 2F
3-2: Ground out 1-3 (Groundball, 13S)
Bottom of the 5th over - 0 run(s), 0 hit(s), 0 error(s), 1 left on base; Otsego 2 - Tuscaloosa 3
TOP OF THE 6TH
Otsego Bulldogs batting - Pitching for Tuscaloosa Trout Slayers : RHP Matt McGinnity
Batting: RHB Cristo García 0-0: Called Strike
0-1: Ball
1-1: Fly out, F6 (Popup, 6MD)
Batting: RHB Raúl Bauza 0-0: SINGLE (Flyball, 8RS)
Batting: RHB Juan Pérez 0-0: Called Strike
0-1: Foul Ball, location: 2F
0-2: Fly out, F4 (Popup, 3)
Batting: RHB José Martínez 0-0: Swinging Strike
0-1: Ball
1-1: Foul Ball, location: 2F
1-2: SINGLE (Groundball, 4D)
Raúl Bauza to second
Runner from 2nd tries for 3rd, SAFE, throw made to third
Batting: RHB Felipe Rego 0-0: Swinging Strike
0-1: Ball
1-1: Foul Ball, location: 2F
1-2: DOUBLE (Flyball, 8LXD)
Raúl Bauza scores
José Martínez to third
Runner from 3rd tries for Home, SAFE, throw made home
Batting: RHB Kyung-bok Cho 0-0: Fly out, F7 (Flyball, 7M)
Top of the 6th over - 2 run(s), 3 hit(s), 0 error(s), 1 left on base; Otsego 4 - Tuscaloosa 3
BOTTOM OF THE 6TH
Tuscaloosa Trout Slayers batting - Pitching for Otsego Bulldogs : RHP Willie St. John
Batting: LHB Wilford Lush 0-0: Ball
1-0: Ball
2-0: Ball
3-0: Base on Balls
Pitching: LHP José Chávez
Batting: RHB Lowie van den Bogaert 0-0: Called Strike
0-1: Ball
1-1: Foul Ball, location: 2F
1-2: Foul Ball, location: 2F
1-2: SINGLE (Line Drive, 8LS)
Wilford Lush to second
Batting: RHB Pedro Rodríguez 0-0: Ball
1-0: Ball
2-0: SINGLE (Line Drive, 89M)
Wilford Lush to third
Lowie van den Bogaert to second
Batting: RHB José Fernández 0-0: Called Strike
0-1: Called Strike
0-2: Foul Ball, location: 2F
0-2: Ball
1-2: Fly out, F9 (Flyball, 9LM)
Batting: RHB Lawrence Yates 0-0: Called Strike
0-1: Ball
1-1: Ball
2-1: Grounds into double play, 5-4-3 (Groundball, 5)
Bottom of the 6th over - 0 run(s), 2 hit(s), 0 error(s), 2 left on base; Otsego 4 - Tuscaloosa 3
TOP OF THE 7TH
Otsego Bulldogs batting - Pitching for Tuscaloosa Trout Slayers : RHP Matt McGinnity
Batting: LHB Gino Canio 0-0: SINGLE (Groundball, 56D)
Pinch Hitting: LHB Manny Domínguez 0-0: Ball
1-0: Bunted foul
1-1: Sac Bunt - play at first, batter OUT! 5-4
Gino Canio to second
Batting: SHB Gilberto Guzmán 0-0: Called Strike
0-1: Swinging Strike
0-2: DOUBLE (Line Drive, 78M)
Gino Canio scores
Batting: RHB Cristo García 0-0: Swinging Strike
0-1: Ball
1-1: Ball
2-1: Ball
3-1: Base on Balls
Pitching: RHP Jules Côté
Batting: RHB Raúl Bauza 0-0: Ball
1-0: Called Strike
1-1: Swinging Strike
1-2: DOUBLE (Groundball, 5L)
Gilberto Guzmán scores
Cristo García to third
Batting: RHB Juan Pérez 0-0: Intentional Walk
Batting: RHB José Martínez 0-0: Ball
1-0: Called Strike
1-1: Swinging Strike
1-2: Ball
2-2: Strikes out looking
Batting: RHB Felipe Rego 0-0: Ball
1-0: Foul Ball, location: 2F
1-1: Ball
2-1: Fly out, F3 (Popup, 3SF)
Top of the 7th over - 2 run(s), 3 hit(s), 0 error(s), 3 left on base; Otsego 6 - Tuscaloosa 3
BOTTOM OF THE 7TH
Tuscaloosa Trout Slayers batting - Pitching for Otsego Bulldogs : LHP José Chávez
Now in LF: Manny Domínguez
Batting: LHB Damon Mitchell 0-0: Foul Ball, location: 2F
0-1: Fly out, F9 (Flyball, 89M)
Batting: RHB Pat Fullerton 0-0: Bunted foul
0-1: Ball
1-1: Called Strike
1-2: Strikes out swinging
Batting: LHB Sergio Barrón 0-0: Ball
1-0: Foul Ball, location: 2F
1-1: DOUBLE (Line Drive, 9LD)
Batting: RHB Owen Carter 0-0: Foul Ball, location: 2F
0-1: Ball
1-1: Called Strike
1-2: Ball
2-2: DOUBLE (Line Drive, 89XD)
Sergio Barrón scores
Pitching: RHP Joe Wilson
Batting: LHB Wilford Lush 0-0: Called Strike
0-1: Swinging Strike
0-2: Strikes out swinging
Bottom of the 7th over - 1 run(s), 2 hit(s), 0 error(s), 1 left on base; Otsego 6 - Tuscaloosa 4
TOP OF THE 8TH
Otsego Bulldogs batting - Pitching for Tuscaloosa Trout Slayers : RHP Jules Côté
Batting: RHB Kyung-bok Cho 0-0: Swinging Strike
0-1: Ball
1-1: Ball
2-1: Ground out 6-3 (Groundball, 6)
Batting: LHB Gino Canio 0-0: Ball
1-0: Ball
2-0: Ball
3-0: Called Strike
3-1: Base on Balls
Batting: LHB Manny Domínguez 0-0: Ball
1-0: Foul Ball, location: 2F
1-1: Swinging Strike
1-2: Ball
Gino Canio steals 2nd base
2-2: Ball
3-2: Foul Ball, location: 2F
3-2: Foul Ball, location: 2F
3-2: Foul Ball, location: 2F
3-2: Base on Balls
Batting: SHB Gilberto Guzmán 0-0: Called Strike
0-1: Ball
1-1: DOUBLE (Line Drive, 7LD)
Gino Canio scores
Manny Domínguez to third
Batting: RHB Cristo García 0-0: Ball
Wild Pitch!
Manny Domínguez scores
Gilberto Guzmán to third
1-0: Called Strike
1-1: Swinging Strike
1-2: Ball
2-2: Ball
3-2: Ground out 6-3 (Groundball, 6)
Gilberto Guzmán scores
Pitching: LHP Pedro Flores
Batting: RHB Raúl Bauza 0-0: Called Strike
0-1: Ball
1-1: Ball
2-1: Ball
3-1: Base on Balls
Batting: RHB Juan Pérez 0-0: Ball
1-0: Ball
2-0: Ball
3-0: Base on Balls
Raúl Bauza to second
Batting: RHB José Martínez 0-0: Called Strike
0-1: Foul Ball, location: 2F
0-2: Fly out, F3 (Popup, 3SF)
Top of the 8th over - 3 run(s), 1 hit(s), 0 error(s), 2 left on base; Otsego 9 - Tuscaloosa 4
BOTTOM OF THE 8TH
Tuscaloosa Trout Slayers batting - Pitching for Otsego Bulldogs : RHP Joe Wilson
Batting: RHB Lowie van den Bogaert 0-0: Ground out 5-3 (Groundball, 5S)
Batting: RHB Pedro Rodríguez 0-0: Called Strike
0-1: Ball
1-1: Foul Ball, location: 2F
1-2: Foul Ball, location: 2F
1-2: Ground out 6-3 (Groundball, 6M)
Batting: RHB José Fernández 0-0: Ball
1-0: Ball
2-0: Ball
3-0: Base on Balls
Batting: RHB Lawrence Yates 0-0: Ground out 5-3 (Groundball, 5S)
Bottom of the 8th over - 0 run(s), 0 hit(s), 0 error(s), 1 left on base; Otsego 9 - Tuscaloosa 4
TOP OF THE 9TH
Otsego Bulldogs batting - Pitching for Tuscaloosa Trout Slayers : LHP Pedro Flores
Batting: RHB Felipe Rego 0-0: Called Strike
0-1: Ball
1-1: Ball
2-1: Fly out, F5 (Popup, 5F)
Batting: RHB Kyung-bok Cho 0-0: Ball
1-0: Ball
2-0: Ball
3-0: Called Strike
3-1: Foul Ball, location: 2F
3-2: Foul Ball, location: 2F
3-2: Foul Ball, location: 2F
3-2: Base on Balls
Batting: LHB Gino Canio 0-0: Ball
Throwing error on steal attempt, E2
Kyung-bok Cho to third
1-0: Ball
2-0: Ball
3-0: Base on Balls
Batting: LHB Manny Domínguez 0-0: Ball
1-0: Ball
2-0: Called Strike
2-1: Ball
3-1: Foul Ball, location: 2F
3-2: Foul Ball, location: 2F
3-2: DOUBLE (Line Drive, 5D)
Kyung-bok Cho scores
Gino Canio to third
Gino Canio scores
Batting: SHB Gilberto Guzmán 0-0: Swinging Strike
0-1: Called Strike
0-2: Ball
1-2: Foul Ball, location: 2F
1-2: Ball
2-2: Ball
3-2: Foul Ball, location: 2F
3-2: Base on Balls
Pitching: RHP Rodney Hall
Batting: RHB Cristo García 0-0: Ball
1-0: Called Strike
1-1: Ball
2-1: Ball
3-1: Foul Ball, location: 2F
3-2: Strikes out swinging
Batting: RHB Raúl Bauza 0-0: Ball
1-0: Foul Ball, location: 2F
1-1: Ball
2-1: SINGLE (Line Drive, 8RS)
Manny Domínguez to third
Gilberto Guzmán to second
Runner from 3rd tries for Home, SAFE, no throw or cutoff
Batting: RHB Juan Pérez 0-0: Called Strike
0-1: Ball
1-1: Ground out 4-3 (Groundball, 4)
Top of the 9th over - 3 run(s), 2 hit(s), 1 error(s), 2 left on base; Otsego 12 - Tuscaloosa 4
BOTTOM OF THE 9TH
Tuscaloosa Trout Slayers batting - Pitching for Otsego Bulldogs : RHP Joe Wilson
Batting: LHB Damon Mitchell 0-0: Ball
1-0: Called Strike
1-1: Called Strike
1-2: Strikes out swinging
Batting: RHB Pat Fullerton 0-0: Ball
1-0: Ball
2-0: Called Strike
2-1: Ball
3-1: SINGLE (Groundball, 6MD) (infield hit)
Batting: LHB Sergio Barrón 0-0: Hit by Pitch
Pat Fullerton to second
Batting: RHB Owen Carter 0-0: Called Strike
0-1: Ball
1-1: Swinging Strike
1-2: Ball
2-2: Fielders Choice at 3rd, U5 (Groundball, 5L)
Sergio Barrón to second
Batting: LHB Wilford Lush 0-0: Foul Ball, location: 2F
0-1: Called Strike
0-2: Ball
1-2: Strikes out looking
Bottom of the 9th over - 0 run(s), 1 hit(s), 0 error(s), 2 left on base; Otsego 12 - Tuscaloosa 4
This league is powered by Out of the Park Baseball, the baseball management simulation game for PC, Mac and Linux
Tuesday, August 2nd, 2016 - OOTP Baseball 16.8 Build 38